 Dungeon Crawl Stone Soup version 0.30.0 (webtiles) character file.

Game seed: 15497986930239298256

28 60083410 the Poker (level 3, -2/32 HPs)
             Began as a Naga Reaver on May 17, 2023.
             Slain by a goblin
             ... wielding a +0 dagger
             ... led by Robin
              (5 damage)
             ... on level 2 of the Dungeon.
             The game lasted 00:03:14 (827 turns).

60083410 the Poker (Naga Reaver)                     Turns: 827, Time: 00:03:15

Health: -2/32      AC:  2    Str: 16    XL:     3   Next: 12%
Magic:  6/6        EV: 14    Int: 13    God:
Gold:   70         SH:  0    Dex:  9    Spells: 5/6 levels left

rFire   . . .        a - +0 spear
rCold   . . .        (no shield)
rNeg    . . .        b - +0 leather armour
rPois   +            (no helmet)
rElec   .            (no cloak)
rCorr   .            (no gloves)
SInv    +            (no barding)
Will    .....        (no amulet)
Stlth   +            e - +5 ring of evasion
HPRegen 0.25/turn    (no ring)
MPRegen 0.10/turn

%: no passive effects
@: very slow
A: AC +1, large, see invisible, deformed body, poison resistance, slowness 2,
spit poison 1, naga tail 1
a: Spit Poison


You were on level 2 of the Dungeon.
You visited 1 branch of the dungeon, and saw 2 of its levels.

You collected 70 gold pieces.

Inventory:

Hand Weapons
 a - a +0 spear (weapon)
Armour
 b - a +0 leather armour (worn)
Jewellery
 e - a +5 ring of evasion (left hand)
Scrolls
 c - a scroll of identify {unknown}
 d - a scroll of magic mapping {unknown}
 f - a scroll of silence {unknown}


   Skills:
 - Level 2.0 Fighting
 * Level 3.9 Polearms
 - Level 1.5 Dodging
 + Level 2.4 Spellcasting
 - Level 3.0 Conjurations


You had 5 spell levels left.
You knew the following spells:

 Your Spells              Type           Power      Damage    Failure   Level
a - Kiss of Death         Conj/Necr      20%        2d7       16%         1

Your spell library contained the following spells:

 Spells                   Type           Power      Damage    Failure   Level
 Momentum Strike          Conj/Tloc      10%        3d8       24%         2
 Hailstorm                Conj/Ice       5%         3d4       43%         3


Dungeon Overview and Level Annotations

Branches:
Dungeon (2/15)

Altars:

Annotations:
D:2 Robin


Innate Abilities, Weirdness & Mutations

Your serpentine skin is tough. (AC +1)
You have supernaturally acute eyesight. (SInv)
Armour fits poorly on your strangely shaped body.
Your system is resistant to poisons. (rPois)
You cover ground very slowly.
You can spit poison.
You have a snake-like lower body.


Message History

Robin throws the goblin at you!
You hit the goblin.
You kill the goblin!
Robin hits you from afar with a +0 spear.
The goblin hits you with a +0 dagger.
A hobgoblin and a goblin come into view.
The hobgoblin shouts!
Robin barely misses you.
You see here a +0 club.
You hit Robin but do no damage.
The hobgoblin no longer looks unusually strong.
The goblin barely misses you.
A goblin comes into view. It is wielding a +0 dagger.
Robin hits you with a +0 spear. The goblin hits you with a +0 dagger.
A goblin comes into view. It is wielding a +0 dagger.
You closely miss the goblin.
The goblin no longer looks unusually strong.
The goblin hits you with a +0 club. The goblin misses you.
You barely miss the goblin.
The hobgoblin no longer looks unusually strong.
The goblin hits you with a +0 club.
* * * LOW HITPOINT WARNING * * *
The hobgoblin barely misses you. The goblin closely misses you.
The goblin shouts!
You hit the goblin but do no damage.
The goblin no longer looks unusually strong.
The goblin barely misses you. The goblin hits you with a +0 dagger.
* * * LOW HITPOINT WARNING * * *
You hit the goblin but do no damage.
A quokka comes into view.
The goblin misses you. The goblin closely misses you.
An endoplasm comes into view.
The hobgoblin hits you.
* * * LOW HITPOINT WARNING * * *
Robin closely misses you.
The endoplasm quivers.
You hit the goblin.
The goblin is severely wounded.
The goblin closely misses you. x2; The goblin hits you with a +0 dagger.
You die...

####.# #..#.#
#..#.# #..#.#
#..#.# #.<#.#
#.##.#
#...g#####
#####@g..#
#..gggggg......
...gg##g...###.
.... #....#


.rg .....# .. #....# . #J...# #....# You could see Robin, an endoplasm, a
quokka, 3 hobgoblins and 8 goblins.

Vanquished Creatures
  An endoplasm (D:1)
  A giant cockroach (D:1)
  4 goblins
  3 hobgoblins
  A quokka (D:1)
  3 ball pythons (D:1)
  3 bats (D:1)
  A frilled lizard (D:2)
  5 kobolds (D:1)
  3 rats (D:1)
25 creatures vanquished.

Notes
Turn   | Place    | Note
-------+----------+-------------------------------------------
     0 | D:1      | 60083410 the Naga Reaver began the quest for the Orb.
     0 | D:1      | Reached XP level 1. HP: 19/19 MP: 3/3
   204 | D:1      | Reached XP level 2. HP: 19/26 MP: 5/5
   528 | D:1      | Found a faded altar of an unknown god.
   661 | D:1      | Reached XP level 3. HP: 32/32 MP: 6/6
   805 | D:2      | Noticed Robin
   827 | D:2      | Slain by a goblin

Illustrated notes

Levels and vault maps discovered:
D:1:      psy_arrival_dodecagon, layout_loops_ring,
          dreamdust_ecumenical_altar_grove
D:2:      minmay_inner_zag, layout_basic, basic_altar, serial_bayou_lagoon_a,
          uniq_robin

Action                     || total
---------------------------++-------
  Melee: Spear             ||    90
 Armour: Leather armour    ||     9
  Dodge: Dodged            ||    45
